 Dungeon Crawl Stone Soup version 0.21.1-1-g345015f (webtiles) character file.

164 Scud the Sneak (level 5, -3/39 HPs)
             Began as a Merfolk Assassin on Mar 20, 2018.
             Killed from afar by Natasha (7 damage)
             ... with a magic dart
             ... on level 3 of the Dungeon.
             The game lasted 00:14:08 (1999 turns).

Scud the Sneak (Merfolk Assassin)                   Turns: 1999, Time: 00:14:09

Health: -3/39      AC:  3    Str: 11    XL:     5   Next: 45%
Magic:  5/5        EV: 13    Int: 11    God:
Gold:   74         SH:  0    Dex: 16    Spells: 4/4 levels left

rFire    . . .     SeeInvis .   a - +2 dagger
rCold    . . .     Gourm    .   (no shield)
rNeg     . . .     Faith    .   c - +0 robe
rPois    .         Spirit   .   (no helmet)
rElec    .         Reflect  .   d - +0 cloak
rCorr    .         Harm     .   (no gloves)
MR       .....                  (no boots)
Stlth    +++.......             (no amulet)
HPRegen  0.13/turn              (no ring)
MPRegen  0.09/turn              (no ring)

@: no status effects
A: change form in water, swift swim, stealthy swim
a: no special abilities


You were on level 3 of the Dungeon.
You were not hungry.

You visited 1 branch of the dungeon, and saw 3 of its levels.

You collected 74 gold pieces.

Inventory:

Hand Weapons
 a - a +2 dagger (weapon)
 b - a +0 blowgun
Missiles
 e - 8 poisoned needles
 f - 2 curare-tipped needles
Armour
 c - a +0 robe (worn)
 d - a +0 cloak (worn)
Jewellery
 n - an uncursed ring of magical power {unknown}
 o - an uncursed amulet of guardian spirit {unknown}
 p - an uncursed ring of magical power {unknown}
Scrolls
 h - 4 scrolls of remove curse {unknown}
 i - a scroll of immolation {unknown}
 j - 2 scrolls of identify {unknown}
 l - 3 scrolls of random uselessness {unknown}
 m - a scroll of fear {unknown}
 r - a scroll of amnesia {unknown}
Potions
 k - a potion of curing {unknown}
Comestibles
 g - 4 rations
 q - 5 chunks of flesh


   Skills:
 + Level 2.6 Fighting
 + Level 3.9 Short Blades
 - Level 2.0 Throwing
 + Level 2.1 Dodging
 + Level 6.4 Stealth


You had 4 spell levels left.
You didn't know any spells.

Dungeon Overview and Level Annotations

Branches:
Dungeon (3/15)

Altars:
Xom
Yredelemnul

Annotations:
D:3 Natasha


Message History

* * * LOW HITPOINT WARNING * * *
The hobgoblin shouts!
Natasha mumbles some strange words.
You feel disoriented.
Natasha growls.
Natasha barely misses you. Natasha closely misses you.
Things that are here:
a giant club; 6 chunks of flesh Natasha casts a spell at you.
You resist with some effort.
Natasha casts a spell.
The rat barely misses you.
You see here a jackal corpse.
Natasha howls an incantation.
Natasha's front paws start to glow.
Natasha claws you but does no damage. Natasha casts a spell at you.
The magic dart hits you!
You die...

#.###..###.#
#.##.......#
#.##.......# #
#####.##.......#.###
#...h.......).†#....
#.###.(...........#
##.######.......###.#
#..†## #......<#
#.###.#####.##@#.#
... #..g.5)..#h##..#
#.# #.#####..#r###.#
#. ..## #........# #
#.# #.##<....# #.
#.######## # #.# #..
###


You could see Natasha and a rat.

Vanquished Creatures
  An ogre (D:3)
  2 adders (D:2)
  2 worms
  2 dart slugs
  An orc (D:3)
  3 giant cockroaches
  9 goblins
  6 hobgoblins
  4 jackals (D:3)
  6 kobolds
  A quokka (D:3)
  4 bats
  2 frilled lizards
  3 rats
46 creatures vanquished.

Notes
Turn   | Place    | Note
-------+----------+-------------------------------------------
     0 | D:1      | Scud the Merfolk Assassin began the quest for the Orb.
     0 | D:1      | Reached XP level 1. HP: 16/16 MP: 1/1
   150 | D:1      | Reached XP level 2. HP: 20/23 MP: 2/2
   438 | D:1      | Reached skill level 5 in Stealth
   672 | D:2      | Reached XP level 3. HP: 26/28 MP: 3/3
   702 | D:2      | Found a basalt altar of Yredelemnul.
  1408 | D:2      | Found a shimmering altar of Xom.
  1417 | D:2      | Found a shimmering altar of Xom.
  1418 | D:2      | Found a shimmering altar of Xom.
  1418 | D:2      | Found a shimmering altar of Xom.
  1419 | D:2      | Found a shimmering altar of Xom.
  1506 | D:2      | Reached XP level 4. HP: 31/34 MP: 4/4
  1881 | D:3      | Noticed an ogre
  1886 | D:3      | Killed an ogre
  1886 | D:3      | Reached skill level 6 in Stealth
  1886 | D:3      | Reached XP level 5. HP: 39/39 MP: 5/5
  1966 | D:3      | Noticed Natasha
  1999 | D:3      | Killed from afar by Natasha

Skill      XL: |  1  2  3  4 |
---------------+-------------+-----
Short Blades   | 3 |  3.9
Stealth        | 5 6 |  6.4
Dodging        | 2 |  2.1
Fighting       | |  2.6
Throwing       | |  2.0

Action                   |  1- 3 |  4- 6 || total
-------------------------+-------+-------++-------
Melee: Dagger            |    77 |    53 ||   130
 Stab: Sleeping          |    14 |     2 ||    16
  Eat: Ration            |     1 |       ||     1
Armor: Robe              |    10 |    13 ||    23
Dodge: Dodged            |    29 |    34 ||    63
